 Dungeon Crawl Stone Soup version 0.26-a0-1181-gd376ed14c5 (webtiles) character file.

Game seed: 2456959980253110592

364 woodenlegs the Vexing (level 6, 0/47 HPs)
             Began as a Gnoll Arcane Marksman on Dec 25, 2020.
             Killed from afar by an orc wizard (5 damage)
             ... with a magic dart
             ... on level 5 of the Dungeon on Dec 26, 2020.
             The game lasted 00:09:39 (4428 turns).

woodenlegs the Vexing (Gnoll Arcane Marksman)       Turns: 4428, Time: 00:09:40

Health: 0/47       AC:  2    Str: 12    XL:     6   Next: 67%
Magic:  11/11      EV: 20    Int: 16    God:
Gold:   252        SH:  0    Dex: 23    Spells: 3/12 levels left

rFire    . . .     SeeInvis .   l - +0 spear
rCold    . . .     Faith    .   (no shield)
rNeg     . . .     Spirit   .   c - +0 robe
rPois    .         Reflect  .   (no helmet)
rElec    .         Harm     .   (no cloak)
rCorr    .         Rampage  .   (no gloves)
Will     .....                  (no boots)
Stlth    ++........             f - amulet of the acrobat
HPRegen  0.15/turn              g - +4 ring of evasion
MPRegen  0.12/turn              i - +6 ring of dexterity

@: no status effects
A: distributed training, fangs 1, strong nose
a: no special abilities


You were on level 5 of the Dungeon.
You visited 1 branch of the dungeon, and saw 5 of its levels.

You collected 252 gold pieces.

Inventory:

Hand Weapons
 a - a +0 shortbow
 b - a +0 whip
 l - a +0 spear (weapon)
Armour
 c - a +0 robe (worn)
 e - a +0 robe
Jewellery
 f - an amulet of the acrobat (around neck)
 g - a +4 ring of evasion (left hand)
 h - an uncursed amulet of inaccuracy
 i - a +6 ring of dexterity (right hand)
 u - an uncursed amulet of magic regeneration {unknown}
 v - an uncursed amulet of magic regeneration {unknown}
Scrolls
 p - 3 scrolls of teleportation
 q - 2 scrolls of magic mapping
 s - 3 scrolls of remove curse
Potions
 j - 2 potions of berserk rage
 k - a potion of might
 m - 2 potions of curing
 n - a potion of lignification
 o - 2 potions of mutation
 r - a potion of ambrosia {unknown}


   Skills:
 + Level 3.3 Fighting
 + Level 2.0 Short Blades
 + Level 2.0 Long Blades
 + Level 2.0 Axes
 + Level 2.0 Maces & Flails
 + Level 2.0 Polearms
 + Level 2.0 Staves
 + Level 2.0 Slings
 + Level 5.0 Bows
 + Level 2.0 Crossbows
 + Level 2.0 Throwing
 + Level 2.0 Armour
 + Level 5.0 Dodging
 + Level 2.0 Stealth
 + Level 2.0 Shields
 + Level 2.0 Unarmed Combat
 + Level 3.5 Spellcasting
 + Level 1.6 Conjurations
 + Level 5.7 Hexes
 + Level 1.6 Summonings
 + Level 1.6 Necromancy
 + Level 1.6 Translocations
 + Level 1.6 Transmutations
 + Level 1.6 Fire Magic
 + Level 1.6 Ice Magic
 + Level 1.6 Air Magic
 + Level 1.6 Earth Magic
 + Level 1.6 Poison Magic
 + Level 2.2 Invocations
 + Level 2.0 Evocations


You had 3 spell levels left.
You knew the following spells:

 Your Spells              Type           Power        Failure   Level
a - Corona                Hex            23%          1%          1
b - Slow                  Hex            21%          2%          2
c - Portal Projectile     Hex/Tloc       28%          12%         3
d - Inner Flame           Hex/Fire       14%          12%         3

Your spell library contained the following spells:

 Spells                   Type           Power        Failure   Level
 Cause Fear               Hex            10%          17%         4
 Leda's Liquefaction      Hex/Erth       7%           36%         4


Dungeon Overview and Level Annotations

Branches:
Dungeon (5/15)
 Temple: D:4-7

Altars:
Vehumet
Xom

Shops:
D:4 *

Annotations:
D:4 3 runed translucent doors, mhtbhm's ghost, amateur GrFi


Innate Abilities, Weirdness & Mutations

Your experience applies equally to all skills.
You have very sharp teeth.
Your uncanny sense of smell can sniff out nearby items.


Message History

The orc wizard barely misses you.
You hit the orc wizard but do no damage.
The orc wizard is moderately wounded.
The orc wizard completely misses you.
The orc wizard hits you but does no damage.
You hit the orc wizard but do no damage.
You bite the orc wizard, but do no damage.
The orc wizard is moderately wounded.
The orc wizard misses you.
You hit the orc wizard but do no damage.
The orc wizard is moderately wounded.
The orc wizard gestures at you while chanting.
The magic dart hits you!
* * * LOW HITPOINT WARNING * * *
The orc wizard barely misses you.
You completely miss the orc wizard.
The orc wizard is moderately wounded.
The orc wizard points at you and mumbles some strange words.
The magic dart hits you.
You die...

#.# #.# #.#
#.# #.#
#.####.##
#o....... ∆
#o# #@# ##.# ∆
##.(######
..##...(....#∆
#.....8(..<.#
#.##..(.....#
# ##..######
##.# #+#


You could see an orc wizard (fast) and an orc.

Vanquished Creatures
  Menkaure (D:4)
  A hound (D:5)
  A bullfrog skeleton (D:4)
  An iguana (D:4)
  A worker ant (D:4)
  A mummy (D:4)
  An adder (D:2)
  An ooze (D:1)
  3 worms
  2 dart slugs (D:1)
  A leopard gecko (D:2)
  7 orcs
  7 bats
  2 giant cockroaches
  10 goblins
  5 hobgoblins
  17 jackals
  2 quokkas (D:2)
  A ball python (D:1)
  7 frilled lizards
  A hobgoblin zombie (D:4)
  14 kobolds
  A kobold zombie (D:4)
  2 orc zombies (D:4)
  A quokka zombie (D:5)
  5 rats
96 creatures vanquished.

Notes
Turn   | Place    | Note
-------+----------+-------------------------------------------
     0 | D:1      | woodenlegs the Gnoll Arcane Marksman began the quest for
                  | the Orb.
     0 | D:1      | Reached XP level 1. HP: 17/17 MP: 4/4
   114 | D:1      | Reached XP level 2. HP: 21/23 MP: 1/5
   368 | D:1      | Learned a level 2 spell: Slow
   465 | D:1      | Reached XP level 3. HP: 25/28 MP: 7/7
   889 | D:2      | Learned a level 3 spell: Portal Projectile
   939 | D:2      | Reached skill level 1 in Invocations
  1015 | D:2      | Reached skill level 1 in Short Blades
  1015 | D:2      | Reached skill level 1 in Long Blades
  1015 | D:2      | Reached skill level 1 in Axes
  1015 | D:2      | Reached skill level 1 in Maces & Flails
  1015 | D:2      | Reached skill level 1 in Polearms
  1015 | D:2      | Reached skill level 1 in Staves
  1015 | D:2      | Reached skill level 1 in Slings
  1015 | D:2      | Reached skill level 1 in Crossbows
  1015 | D:2      | Reached skill level 1 in Throwing
  1015 | D:2      | Reached skill level 1 in Armour
  1015 | D:2      | Reached skill level 1 in Stealth
  1015 | D:2      | Reached skill level 1 in Shields
  1015 | D:2      | Reached skill level 1 in Unarmed Combat
  1015 | D:2      | Reached skill level 1 in Evocations
  1462 | D:2      | Reached XP level 4. HP: 34/34 MP: 8/8
  1908 | D:3      | Reached skill level 1 in Conjurations
  1908 | D:3      | Reached skill level 1 in Summonings
  1908 | D:3      | Reached skill level 1 in Necromancy
  1908 | D:3      | Reached skill level 1 in Translocations
  1908 | D:3      | Reached skill level 1 in Transmutations
  1908 | D:3      | Reached skill level 1 in Fire Magic
  1908 | D:3      | Reached skill level 1 in Ice Magic
  1908 | D:3      | Reached skill level 1 in Air Magic
  1908 | D:3      | Reached skill level 1 in Earth Magic
  1908 | D:3      | Reached skill level 1 in Poison Magic
  2104 | D:3      | Found a faded altar of an unknown god.
  2507 | D:3      | Found a shimmering altar of Xom.
  2507 | D:3      | Found a radiant altar of Vehumet.
  2758 | D:3      | Reached XP level 5. HP: 27/40 MP: 9/9
  3499 | D:4      | Found Pydgheniv's Assorted Antiques.
  3843 | D:4      | Noticed Menkaure
  3860 | D:4      | Killed Menkaure
  3861 | D:4      | Reached skill level 5 in Bows
  3861 | D:4      | Reached skill level 5 in Dodging
  3861 | D:4      | Reached XP level 6. HP: 15/47 MP: 3/11
  4231 | D:4      | Noticed mhtbhm's ghost (amateur GrFi)
  4239 | D:4      | Found a runed translucent gate.
  4239 | D:4      | Found a runed translucent gate.
  4241 | D:4      | Found a runed translucent gate.
  4302 | D:5      | Entered Level 5 of the Dungeon
  4307 | D:5      | Learned a level 3 spell: Inner Flame
  4428 | D:5      | Killed from afar by an orc wizard

Illustrated notes

Levels and vault maps discovered:
D:1:      shiori_arrival_oz, layout_basic
D:2:      layout_loops_ring
D:3:      layout_basic, minitemple, chequers_ecumenical_altar_simple_redux,
          minmay_parallelograms
D:4:      layout_basic, serial_shops, shop, serial_glass, glass_columns_a,
          glass_columns_a, gammafunk_ghost_split, minmay_mini_ossuary,
          uniq_menkaure
D:5:      layout_basic, lemuel_crystal_altar, grunt_ministairs_14

Skill      XL: |  1  2  3  4  5 |
---------------+----------------+-----
Invocations    | 1 2 |  2.2
Short Blades   | 1 2 |  2.0
Long Blades    | 1 2 |  2.0
Axes           | 1 2 |  2.0
Maces & Flails | 1 2 |  2.0
Polearms       | 1 2 |  2.0
Staves         | 1 2 |  2.0
Slings         | 1 2 |  2.0
Crossbows      | 1 2 |  2.0
Throwing       | 1 2 |  2.0
Armour         | 1 2 |  2.0
Stealth        | 1 2 |  2.0
Shields        | 1 2 |  2.0
Unarmed Combat | 1 2 |  2.0
Evocations     | 1 2 |  2.0
Spellcasting   | 3 |  3.5
Conjurations   | 1 |  1.6
Summonings     | 1 |  1.6
Necromancy     | 1 |  1.6
Translocations | 1 |  1.6
Transmutations | 1 |  1.6
Fire Magic     | 1 |  1.6
Ice Magic      | 1 |  1.6
Air Magic      | 1 |  1.6
Earth Magic    | 1 |  1.6
Poison Magic   | 1 |  1.6
Fighting       | 3 |  3.3
Bows           | 5 |  5.0
Dodging        | 5 |  5.0
Hexes          | |  5.7

Action                   |  1- 3 |  4- 6 || total
-------------------------+-------+-------++-------
Melee: Spear             |    25 |   129 ||   154
       Bite              |     6 |    22 ||    28
 Fire: Shortbow          |   101 |   145 ||   246
 Cast: Corona            |     6 |     1 ||     7
       Slow              |       |     4 ||     4
  Use: Scroll            |     1 |    11 ||    12
       Potion            |       |     2 ||     2
 Stab: Sleeping          |       |     2 ||     2
       Distracted        |       |     1 ||     1
Armor: Robe              |     4 |     6 ||    10
       Skin              |       |     1 ||     1
Dodge: Dodged            |    32 |   170 ||   202

Table legend: (Time is in decaauts)
 A = Elapsed time spent in this place.
 B = Non-inter-level travel time spent in this place.
 C = Inter-level travel time spent in this place.
 D = Time resting spent in this place.
 E = Time spent auto-exploring this place.
 F = Levels seen in this place.
 G = Mean time per level.
                   A        B        C        D        E       F      G
               +--------+--------+--------+--------+--------+-----+--------+
         Total |   4443 |   4335 |    108 |    642 |   2924 |   5 |  888.6 |
       Dungeon |   4443 |   4335 |    108 |    642 |   2924 |   5 |  888.6 |
               +--------+--------+--------+--------+--------+-----+--------+

Top non-repeatable levels by time:
     D:4: 1417 daAuts
     D:3: 1057 daAuts
     D:2: 953 daAuts
     D:1: 889 daAuts
     D:5: 126 daAuts
